 Dungeon Crawl Stone Soup version 0.31-a0-105-gc0b45f0da6 (webtiles) character file.

Game seed: 15780577443326307469

72 Colgate the Grave Robber (level 4, 0/33 HPs)
             Began as a Meteoran Necromancer on May 27, 2023.
             Was an Initiate of Gozag.
             Slain by a sky beast (2 damage)
             ... on level 6 of the Dungeon.
             The game lasted 00:12:14 (881 turns).

Colgate the Grave Robber (Meteoran Necromancer)      Turns: 881, Time: 00:12:14

Health: 0/33       AC:  2    Str:  9    XL:     4   Next: 77%
Magic:  0/9        EV: 12    Int: 18    God:    Gozag
Gold:   117        SH:  0    Dex: 15    Spells: 5/9 levels left

rFire   + . .        f - +0 rapier
rCold   + . .        (no shield)
rNeg    . . .        a - +0 robe
rPois   +            (no helmet)
rElec   +            (no cloak)
rCorr   +            (no gloves)
SInv    .            (no boots)
Will    .....        k - amulet of guardian spirit
Stlth   +            (no ring)
HPRegen 0.25/turn    (no ring)
MPRegen 0.11/turn

%: guardian spirit
@: resistant, glowing
A: sense surroundings 1, otherworldly, glowing, explore regen
a: Renounce Religion, Potion Petition, Call Merchant, Bribe Branch


You were on level 6 of the Dungeon.
You worshipped Gozag.
Gozag was aware of your devotion.
You visited 1 branch of the dungeon, and saw 6 of its levels.

You collected 117 gold pieces.

Inventory:

Hand Weapons
 c - a +0 dagger
 f - a +0 rapier (weapon)
 j - a +0 trident
Missiles
 d - an atropa-tipped dart
 l - 6 datura-tipped darts
Armour
 a - a +0 robe (worn)
Jewellery
 k - an amulet of guardian spirit (around neck)
Wands
 b - a wand of roots (3) {@v2}
Scrolls
 m - a scroll of amnesia {unknown}
Potions
 e - a potion of might {unknown}
 g - a potion of curing {@q1}
 h - a potion of heal wounds {unknown}
 i - a potion of mutation {unknown}
 n - a potion of haste {unknown}
 o - a potion of resistance {@q5}
 p - a potion of ambrosia {unknown}


   Skills:
 + Level 0.0 Fighting
 - Level 2.4 Dodging
 - Level 1.4 Stealth
 - Level 3.1 Spellcasting
 - Level 6.0 Necromancy


You had 5 spell levels left.
You knew the following spells:

 Your Spells              Type           Power      Damage    Failure   Level
a - Necrotise             Necr           96%        1d8       1%          1
b - Vampiric Draining     Necr           24%        2d7       4%          3

Your spell library contained the following spells:

 Spells                   Type           Power      Damage    Failure   Level
 Agony                    Necr           24%        N/A       36%         5
 Animate Dead             Necr           Unusable   N/A       N/A         4

Dungeon Overview and Level Annotations

Branches:
Dungeon (6/15) Zot: 2715   Temple (0/1) D:4

Altars:
Gozag
Makhleb


Innate Abilities, Weirdness & Mutations

You passively map a small area around you.
You are easily found by Zot.
You glow in the dark.
You regain HP and MP as you explore.


Message History

The sky beast writhes in agony.
The sky beast writhes in agony.
An orc comes into view. It is wielding a +0 flail.
The sky beast writhes in agony.
The orc shouts!
You hear a shout! x2
You hit the sky beast but do no damage. The sky beast hits you.
The sky beast shocks you.
Casting: Necrotise (safe; 1% risk of failure)
Aiming: Vampiric Draining (dangerous; 4% risk of failure)
Aim: a sky beast (heavily wounded)
Okay, then.
You miss the sky beast. The sky beast hits you. The sky beast shocks you.
Okay, then.
Casting: Vampiric Draining (dangerous; 4% risk of failure)
Aiming: Vampiric Draining (dangerous; 4% risk of failure)
Aim: a sky beast (heavily wounded)
You draw life force from the sky beast.
You feel life coursing into your body. The sky beast hits you.
The sky beast shocks you.
You closely miss the sky beast. The sky beast hits you.
The sky beast shocks you.
* * * LOW HITPOINT WARNING * * *
It was a potion of resistance.
You feel protected.
The sky beast flickers out of sight!
Deactivating autopickup; reactivate with Ctrl-A.
Something hits you.
* * * LOW HITPOINT WARNING * * *
Something shocks you. You resist.
* * * LOW HITPOINT WARNING * * *
It was a potion of curing.
You feel better. Something hits you.
* * * LOW HITPOINT WARNING * * *
Something shocks you. You resist.
* * * LOW HITPOINT WARNING * * *
You closely miss something. Something hits you.
* * * LOW HITPOINT WARNING * * *
Something shocks you. You resist.
* * * LOW HITPOINT WARNING * * *
You closely miss something. Something hits you.
You die...
Your body crumbles into a pile of gold.

#. . * #.. * ., , , *
* , .. ..# ##. ** .#
#.###.# * , .##
####.#..# * * * ..
,..# #...# , .# #.#
#...# #####.####
.####.# #...#
#..o...... ...##.#
#...# #@###.#... *
......###...####.###,,
#>.................# $
*,
.............._....# ,
.#.................# ,
, ......###...########
, , ####### #...# ,
#...# * * #...# * , *


You could see an orc.

Vanquished Creatures
  Ijyb (D:4)
  3 adders
  An orc (D:3)
  3 ball pythons
  An endoplasm (D:4)
  4 hobgoblins
  2 quokkas (D:4)
  A bat (D:1)
  A frilled lizard (D:1)
  2 kobolds
19 creatures vanquished.

Notes
Turn   | Place    | Note
-------+----------+-------------------------------------------
     0 | D:1      | Colgate the Meteoran Necromancer began the quest for the
                  | Orb.
     0 | D:1      | Reached XP level 1. HP: 14/14 MP: 5/5
    85 | D:1      | Reached XP level 2. HP: 16/20 MP: 0/7
   294 | D:3      | Found a faded altar of an unknown god.
   306 | D:3      | Prayed at the altar of an unknown god.
   306 | D:3      | Became a worshipper of Gozag Ym Sagoz the Greedy
   362 | D:4      | Reached skill level 5 in Necromancy
   362 | D:4      | Reached XP level 3. HP: 10/26 MP: 2/8
   447 | D:4      | Found a staircase to the Ecumenical Temple.
   610 | D:4      | Noticed Ijyb
   624 | D:4      | Killed Ijyb
   625 | D:4      | Reached XP level 4. HP: 3/33 MP: 1/9
   629 | D:4      | Learned a level 3 spell: Vampiric Draining
   764 | D:4      | Found an opulent altar of Gozag.
   805 | D:5      | Entered Level 5 of the Dungeon
   814 | D:5      | Reached skill level 6 in Necromancy
   853 | D:6      | Found a burning altar of Makhleb.
   867 | D:6      | Noticed a sky beast
   881 | D:6      | Slain by a sky beast

Illustrated notes

Levels and vault maps discovered:
D:1:      dpeg_arrival_court, layout_loops_ring, serial_glass, glass_columns_b,
          glass_columns_a, chequers_serial_rivers_micro_d, kennysheep_crisscross
D:2:      cheibrodos_helix_gallery, layout_rooms, uniq_natasha
D:3:      layout_loops_ring, shapermc_ecumenical_altar_totnotflames,
          lemuel_flame_loot_1
D:4:      minmay_angry_zag, layout_loops_ring, grunt_gozag_breadcrumbs,
          minmay_temple_entry_stoned_glass, uniq_ijyb
D:5:      kennysheep_big_flooded_room, layout_basic, hangedman_decor_peaks_small
D:6:      layout_loops_cross, bloody_makhleb

Skill      XL: |  1  2  3  4 |
---------------+-------------+-----
Spellcasting   | 3 |  3.1
Necromancy     | 5 6 |  6.0
Dodging        | |  2.4
Stealth        | |  1.4

Action                     |  1- 3 |  4- 6 || total
---------------------------+-------+-------++-------
  Melee: Dagger            |     2 |       ||     2
         Rapier            |     4 |    19 ||    23
  Throw: Dart              |       |     1 ||     1
   Cast: Necrotise         |    33 |    12 ||    45
         Vampiric Draining |       |     5 ||     5
    Use: Potion            |     1 |     2 ||     3
 Armour: Robe              |     5 |     5 ||    10
  Dodge: Dodged            |    10 |    12 ||    22

Table legend: (Time is in decaauts)
 A = Elapsed time spent in this place.
 B = Non-inter-level travel time spent in this place.
 C = Inter-level travel time spent in this place.
 D = Time resting spent in this place.
 E = Time spent auto-exploring this place.
 F = Levels seen in this place.
 G = Mean time per level.
                   A        B        C        D        E       F      G
               +--------+--------+--------+--------+--------+-----+--------+
         Total |    883 |    883 |      0 |      0 |      0 |   6 |  147.2 |
       Dungeon |    883 |    883 |      0 |      0 |      0 |   6 |  147.2 |
               +--------+--------+--------+--------+--------+-----+--------+

Top non-repeatable levels by time:
     D:4: 433 daAuts
     D:1: 218 daAuts
     D:3: 130 daAuts
     D:6: 58 daAuts
     D:2: 25 daAuts
     D:5: 17 daAuts
